AoeStats
← OM | Kerry Copyto

Hill Fort

506586017Analyzed
4v4 RM · 19d ago on Sep 14, 2026· 27m 31s· 8 players
Game mode
Random Map
Map size
Large (8 player)
Population
200
Speed
Normal
Resources
Standard
Victory
Conquest
Starting age
Dark Age
Ending age
Imperial Age
RankedLock teamsTeams togetherTeam positionsShared explorationLock speedFull tech treeHidden civsTurbo modeCheats
Victory
Defeat
🇲🇽 Maya · Mexico
1462
+15
🇲🇽 Spanish · Mexico
1397
+17
🇲🇽 Mongols · Mexico
1377
+18
🇲🇽 Tupi · Mexico
1339
+20
🇨🇳 Spanish · China
1486
-20
🇹🇼 Hindustanis · Taiwan
1440
-18
🇦🇺 Tatars · Australia
1408
-17
🇵🇹 Mongols · Portugal
1369
-15
dL
9:15 Feudal Age
10:11 Feudal Age
14:28 Castle Age
12:54 Double-Bit Axe
15:26 Bow Saw
15:20 Horse Collar
24:33 Fletching
25:20 Gold Mining
26:58 Thumb Ring
27:11 Bodkin Arrow
27:16 Padded Archer Armor
Boga
8:51 Feudal Age
9:16 Double-Bit Axe
11:26 Gold Mining
14:45 Loom
16:59 Fletching
21:14 Castle Age
19:32 Padded Archer Armor
22:41 Bodkin Arrow
23:09 Leather Archer Armor
23:09 Bow Saw
26:47 Wheelbarrow
ggsadpom,sdf
10:23 Feudal Age
14:57 Castle Age
13:39 Double-Bit Axe
14:08 Horse Collar
15:10 Loom
21:04 Wheelbarrow
22:34 Town Watch
香辣鸡翅
11:53 Feudal Age
12:34 Loom
15:52 Castle Age
13:54 Double-Bit Axe
14:49 Horse Collar
15:02 Gold Mining
16:28 Loom
24:24 Stone Mining
26:57 Heavy Plow
OM | Kerry Copyto
6:27 Loom
8:13 Feudal Age
15:34 Castle Age
13:58 Double-Bit Axe
15:09 Horse Collar
17:15 Bow Saw
21:59 Fletching
25:51 Bodkin Arrow
OM | Romeo D. Sins
7:19 Loom
9:13 Feudal Age
14:00 Castle Age
12:53 Double-Bit Axe
12:48 Horse Collar
13:14 Horse Collar
14:43 Fletching
15:49 Bow Saw
17:56 Padded Archer Armor
20:29 Bodkin Arrow
23:55 Heavy Plow
28:04 Wheelbarrow
27:48 Town Watch
OM | SISKO PRO
10:17 Feudal Age
10:02 Loom
17:29 Castle Age
15:44 Double-Bit Axe
15:59 Horse Collar
16:57 Gold Mining
19:20 Bow Saw
20:01 Husbandry
25:35 Padded Archer Armor
27:16 Town Watch
GEN0S
0:26 Loom
9:56 Feudal Age
10:35 Double-Bit Axe
11:44 Horse Collar
17:13 Wheelbarrow
17:19 Gold Mining
21:58 Castle Age
20:29 Padded Archer Armor
20:51 Fletching
22:46 Thumb Ring
22:51 Bodkin Arrow
22:53 Crossbowman
24:33 Leather Archer Armor
25:45 Bow Saw
27:15 Ballistics
Connection lost

Rejoining the realm…

Still unreachable

The connection could not be restored.

Session expired

The server has moved on; the page needs a fresh start.